 Dungeon Crawl Stone Soup version 0.31.0-12-g77e489cdc1 (webtiles) character file.

Game seed: 7795395943479406968

62 lordive the Shooter (level 3, -2/31 HPs)
             Began as a Minotaur Hunter on Feb 28, 2024.
             Slain by a wyvern (5 damage)
             ... on level 3 of the Dungeon.
             The game lasted 00:01:24 (534 turns).

lordive the Shooter (Minotaur Hunter)                Turns: 534, Time: 00:01:25

Health: -2/31      AC:  6    Str: 15    XL:     3   Next: 85%
Magic:  2/2        EV: 10    Int:  6    God:
Gold:   22         SH:  0    Dex: 15    Spells: 2/2 levels left

rFire   . . .        a - +0 shortbow
rCold   . . .        (shield currently unavailable)
rNeg    . . .        e - +0 scale mail
rPois   .            (helmet restricted)
rElec   .            (no cloak)
rCorr   .            (no gloves)
SInv    .            (no boots)
Will    .....        (no amulet) Stlth
                     (no ring)
HPRegen 0.25/turn    (no ring)
MPRegen 0.08/turn

%: no passive effects
@: no status effects
A: horns 2, retaliatory headbutt
a: no special abilities


You were on level 3 of the Dungeon.
You visited 1 branch of the dungeon, and saw 4 of its levels.

You collected 22 gold pieces.

Inventory:

Hand Weapons
 a - a +0 shortbow (weapon)
Missiles
 c - 2 throwing nets
Armour
 d - a +0 buckler
 e - a +0 scale mail (worn)
Scrolls
 b - a scroll of butterflies
 f - a scroll of identify {unknown}


   Skills:
 + Level 3.0 Fighting
 + Level 5.5 Ranged Weapons
 + Level 1.0 Armour
 + Level 2.5 Dodging
 - Level 0.7 Stealth


You had 2 spell levels left.
You didn't know any spells.
Your spell library contained the following spells:

 Spells                   Type           Power      Damage    Failure   Level
 Sandblast                Erth           0%         2d4       90%         1
 Passwall                 Erth           0%         N/A       99%         3
 Stone Arrow              Conj/Erth      0%         3d7       99%         3
 Brom's Barrelling Bould  Conj/Erth      0%         2d3       100%        4


Dungeon Overview and Level Annotations

Branches:
Dungeon (4/15)
 Temple: D:4-7

Altars:

Shops:
D:1 *

Annotations:
D:4 Dowan, Duvessa


Innate Abilities, Weirdness & Mutations

You have a pair of horns on your head.
You reflexively headbutt those who attack you in melee.


Message History

The goblin hits you but does no damage.
You shoot an arrow. The arrow barely misses the goblin.
Dowan, Brother of Duvessa comes into view.
He is wielding a +0 dagger.
The goblin hits you with a +0 club.
You shoot an arrow.
Dowan shouts!
The arrow hits the goblin.
You kill the goblin!
The wyvern closely misses you. The wyvern barely misses you.
You climb upwards.
There is a stone staircase leading down here.
You shoot an arrow.
The arrow hits the wyvern but does no damage.
The wyvern closely misses you. The wyvern barely misses you.
You furiously retaliate!
You headbutt the wyvern. You shoot an arrow. The arrow hits the wyvern.
The wyvern is lightly wounded.
The wyvern bites you but does no damage.
The wyvern barely misses you.
You shoot an arrow.
The arrow hits the wyvern but does no damage.
The wyvern is lightly wounded.
The wyvern bites you! x2
Ouch! That really hurt!
* * * LOW HITPOINT WARNING * * *
You are too injured to fight recklessly!
You are too injured to fight recklessly!
You aren't carrying any potions.
Unknown command.
You are too injured to fight recklessly!
You are too injured to fight recklessly!
You are too injured to fight recklessly!
Fire: a) +0 shortbow
Press: ? - help, Q - select action, (/) - cycle Shift-Dir - straight line, f/p - wyvern
Aim: a wyvern (lightly wounded, 62% to hit)
You shoot an arrow.
The arrow hits the wyvern but does no damage.
The wyvern is lightly wounded.
The wyvern barely misses you. The wyvern bites you.
You die...

######## #......#
#<.....# #......#
#......#
#########.######
..........k@#
#....###.#.#### #
#.#.............#
.#.#.#....#...#.##.#
..#.######...#.# #
............#.##.#
#...#####.......#
#............####
#....##......#


You could see a wyvern.

Vanquished Creatures
  5 gnolls
  3 ball pythons
  A bat (D:1)
  A giant cockroach (D:1)
  2 goblins
  A kobold (D:2)
  A frilled lizard (D:2)
  A rat (D:2)
15 creatures vanquished.

Notes
Turn   | Place    | Note
-------+----------+-------------------------------------------
     0 | D:1      | lordive the Minotaur Hunter began the quest for the Orb.
     0 | D:1      | Reached XP level 1. HP: 18/18 MP: 0/0
    68 | D:1      | Reached XP level 2. HP: 4/25 MP: 1/1
   156 | D:1      | Found Potejek's General Store.
   254 | D:2      | Reached skill level 5 in Ranged Weapons
   346 | D:2      | Reached XP level 3. HP: 21/30 MP: 2/2
   403 | D:2      | Reached skill level 1 in Armour
   525 | D:4      | Noticed Duvessa
   525 | D:4      | Noticed a wyvern
   527 | D:4      | Noticed Dowan
   534 | D:3      | Slain by a wyvern

Illustrated notes

Levels and vault maps discovered:
D:1:      lemuel_arrival_broad_hall, layout_rooms, serial_shops,
          nicolae_shop_tiny_glass, shop
D:2:      layout_basic, minmay_misc_feat_plants, uniq_jessica
D:3:      layout_basic, hellmonk_ecumenical_altar_watching_god
D:4:      layout_rooms, nicolae_alphabet_shops, serial_park_tiny_1, uniq_duvessa

Skill      XL: |  1  2  3 |
---------------+----------+-----
Ranged Weapons | 5 |  5.5
Fighting       | 3 |  3.0
Armour         | 1 |  1.0
Dodging        | |  2.5
Stealth        | |  0.7

Action                     || total
---------------------------++-------
   Fire: Shortbow          ||    59
 Armour: Leather armour    ||    16
         Scale mail        ||    13
  Dodge: Dodged            ||    29
